UAA
MYRTLE BEACH MERMEN @ ATLANTIC CITY SONICS
08/25/2017
 
TOP OF THE 1ST
Myrtle Beach Mermen batting - Pitching for Atlantic City Sonics : RHP Jorge Sánchez
Pitching: RHP Jorge Sánchez
Batting: RHB José Caballero 0-0: Called Strike
0-1: Ball
1-1: Ground out 4-3 (Groundball, 4M)
Batting: RHB Sal Haynes 0-0: Ball
1-0: Swinging Strike
1-1: Ball
2-1: DOUBLE (Line Drive, 5D)
Batting: RHB Kevin Tyler 0-0: Ball
1-0: Ground out 5-3 (Groundball, 5)
Batting: LHB Chris Hill 0-0: Foul Ball, location: 2F
0-1: Hit by Pitch
Batting: RHB Max White 0-0: Swinging Strike
0-1: Called Strike
0-2: Foul Ball, location: 2F
0-2: Strikes out swinging
Top of the 1st over - 0 run(s), 1 hit(s), 0 error(s), 2 left on base; Myrtle Beach 0 - Atlantic City 0
BOTTOM OF THE 1ST
Atlantic City Sonics batting - Pitching for Myrtle Beach Mermen : LHP Russ Wood
Pitching: LHP Russ Wood
Batting: RHB Tim Giap 0-0: Ball
1-0: Called Strike
1-1: Foul Ball, location: 2F
1-2: Ball
2-2: Ground out 6-3 (Groundball, 6)
Batting: LHB Dale Parkinson 0-0: Ground out 6-3 (Groundball, 6)
Batting: LHB Francisco Ortega 0-0: Ground out 1-3 (Groundball, 15S)
Bottom of the 1st over - 0 run(s), 0 hit(s), 0 error(s), 0 left on base; Myrtle Beach 0 - Atlantic City 0
TOP OF THE 2ND
Myrtle Beach Mermen batting - Pitching for Atlantic City Sonics : RHP Jorge Sánchez
Batting: RHB Mike Fleming 0-0: SINGLE (Flyball, 8RS)
Batting: RHB Pat Lindsey 0-0: Ball
1-0: Called Strike
1-1: Called Strike
1-2: Grounds into double play, 6-4-3 (Groundball, 6)
Batting: SHB Avery Little 0-0: Foul Ball, location: 2F
0-1: SINGLE (Line Drive, 7S)
Batting: RHB Ángelo Saldańa 0-0: Called Strike
0-1: Foul Ball, location: 2F
0-2: Foul Ball, location: 2F
0-2: Ball
1-2: Strikes out swinging
Top of the 2nd over - 0 run(s), 2 hit(s), 0 error(s), 1 left on base; Myrtle Beach 0 - Atlantic City 0
BOTTOM OF THE 2ND
Atlantic City Sonics batting - Pitching for Myrtle Beach Mermen : LHP Russ Wood
Batting: RHB Russell Jackson 0-0: Ball
1-0: Foul Ball, location: 2F
1-1: Foul Ball, location: 2F
1-2: Ball
2-2: DOUBLE (Line Drive, 89D)
Batting: RHB Jason Duncan 0-0: Called Strike
0-1: Ball
1-1: Called Strike
1-2: Strikes out swinging
Batting: RHB Jesús Rodríguez 0-0: Ball
1-0: Ground out 4-3 (Groundball, 4)
Russell Jackson to third
Batting: RHB Toby Hopper 0-0: Swinging Strike
0-1: Called Strike
0-2: Ball
1-2: Ball
2-2: DOUBLE (Flyball, 78M)
Russell Jackson scores
Batting: RHB Michael Bucknell 0-0: Foul Ball, location: 2F
0-1: Ball
1-1: Foul Ball, location: 2F
1-2: Strikes out swinging
Bottom of the 2nd over - 1 run(s), 2 hit(s), 0 error(s), 1 left on base; Myrtle Beach 0 - Atlantic City 1
TOP OF THE 3RD
Myrtle Beach Mermen batting - Pitching for Atlantic City Sonics : RHP Jorge Sánchez
Batting: RHB José Caballero 0-0: Called Strike
0-1: Ball
1-1: Ball
2-1: Called Strike
2-2: Strikes out swinging
Batting: RHB Sal Haynes 0-0: Called Strike
0-1: Ball
1-1: Ball
2-1: SINGLE (Groundball, 25) (infield hit)
Batting: RHB Kevin Tyler 0-0: Ball
1-0: Called Strike
1-1: 2-RUN HOME RUN (Line Drive, 7LD), Distance : 349 ft
Batting: LHB Chris Hill 0-0: Ball
1-0: Ball
2-0: Called Strike
2-1: Foul Ball, location: 2F
2-2: SINGLE (Groundball, 34D)
Batting: RHB Max White 0-0: Ball
1-0: Ball
2-0: Grounds into double play, U4-3 (Groundball, 4)
Top of the 3rd over - 2 run(s), 3 hit(s), 0 error(s), 0 left on base; Myrtle Beach 2 - Atlantic City 1
BOTTOM OF THE 3RD
Atlantic City Sonics batting - Pitching for Myrtle Beach Mermen : LHP Russ Wood
Batting: RHB Marty Hayden 0-0: Called Strike
0-1: Ball
1-1: Ball
2-1: Called Strike
2-2: SOLO HOME RUN (Flyball, 7D), Distance : 389 ft
Batting: RHB Tim Giap 0-0: Ball
1-0: Foul Ball, location: 2F
1-1: Called Strike
1-2: Foul Ball, location: 2F
1-2: SINGLE (Groundball, 56)
Batting: LHB Dale Parkinson 0-0: Ball
1-0: Swinging Strike
1-1: Swinging Strike
1-2: Strikes out swinging
Batting: LHB Francisco Ortega 0-0: Ball
1-0: Ball
Throwing error on steal attempt, E2
Tim Giap to third
2-0: Ball
3-0: Called Strike
3-1: Foul Ball, location: 2F
3-2: SINGLE (Line Drive, 34D)
Tim Giap scores
Batting: RHB Russell Jackson 0-0: Ball
1-0: Swinging Strike
1-1: Ball
2-1: Ball
3-1: Called Strike
3-2: Base on Balls
Francisco Ortega to second
Batting: RHB Jason Duncan 0-0: Foul Ball, location: 2F
0-1: Foul Ball, location: 2F
0-2: Foul Ball, location: 2F
0-2: Strikes out swinging
Batting: RHB Jesús Rodríguez 0-0: Foul Ball, location: 2F
0-1: Ball
1-1: Ground out 3-1 (Groundball, 34)
Bottom of the 3rd over - 2 run(s), 3 hit(s), 1 error(s), 2 left on base; Myrtle Beach 2 - Atlantic City 3
TOP OF THE 4TH
Myrtle Beach Mermen batting - Pitching for Atlantic City Sonics : RHP Jorge Sánchez
Batting: RHB Mike Fleming 0-0: Fly out, F9 (Flyball, 9LM)
Batting: RHB Pat Lindsey 0-0: Ball
1-0: Fly out, F3 (Popup, 3F)
Batting: SHB Avery Little 0-0: Ball
1-0: Called Strike
1-1: SINGLE (Flyball, 7LM)
Batting: RHB Ángelo Saldańa 0-0: Foul Ball, location: 2F
0-1: Ball
1-1: Ball
2-1: Foul Ball, location: 2F
2-2: SINGLE (Flyball, 7LS)
Avery Little to second
Batting: RHB José Caballero 0-0: Called Strike
0-1: Foul Ball, location: 2F
0-2: Strikes out looking
Top of the 4th over - 0 run(s), 2 hit(s), 0 error(s), 2 left on base; Myrtle Beach 2 - Atlantic City 3
BOTTOM OF THE 4TH
Atlantic City Sonics batting - Pitching for Myrtle Beach Mermen : LHP Russ Wood
Batting: RHB Toby Hopper 0-0: Called Strike
0-1: Ball
1-1: Fly out, F2 (Popup, 2LF)
Batting: RHB Michael Bucknell 0-0: Ball
1-0: Ball
2-0: Ball
3-0: Called Strike
3-1: Base on Balls
Batting: RHB Marty Hayden 0-0: Called Strike
0-1: Ball
1-1: Ball
2-1: Foul Ball, location: 2F
2-2: Foul Ball, location: 2F
2-2: Ball
3-2: SINGLE (Flyball, 8LS)
Michael Bucknell to second
Runner from 2nd tries for 3rd, SAFE, no throw or cutoff
Batting: RHB Tim Giap 0-0: Called Strike
0-1: Ball
1-1: Ball
2-1: Called Strike
2-2: Ball
3-2: Foul Ball, location: 2F
3-2: Fly out, F4 (Popup, 4D)
Batting: LHB Dale Parkinson 0-0: Ball
1-0: Ball
2-0: Ball
3-0: Base on Balls
Marty Hayden to second
Batting: LHB Francisco Ortega 0-0: Foul Ball, location: 2F
0-1: Ball
1-1: Ball
2-1: Ball
3-1: Base on Balls
Michael Bucknell scores
Marty Hayden to third
Dale Parkinson to second
Batting: RHB Russell Jackson 0-0: Foul Ball, location: 2F
0-1: Ball
1-1: Swinging Strike
1-2: Strikes out swinging
Bottom of the 4th over - 1 run(s), 1 hit(s), 0 error(s), 3 left on base; Myrtle Beach 2 - Atlantic City 4
TOP OF THE 5TH
Myrtle Beach Mermen batting - Pitching for Atlantic City Sonics : RHP Jorge Sánchez
Batting: RHB Sal Haynes 0-0: Swinging Strike
0-1: Fly out, F3 (Popup, 4)
Batting: RHB Kevin Tyler 0-0: Swinging Strike
0-1: Ball
1-1: SOLO HOME RUN (Flyball, 7D), Distance : 387 ft
Batting: LHB Chris Hill 0-0: Swinging Strike
0-1: Ball
1-1: Ground out U3 (Groundball, 3)
Batting: RHB Max White 0-0: Ball
1-0: Ball
2-0: Ball
3-0: Base on Balls
Batting: RHB Mike Fleming 0-0: Ball
1-0: Foul Ball, location: 2F
1-1: Foul Ball, location: 2F
1-2: Ball
2-2: Fly out, F9 (Popup, 34D)
Top of the 5th over - 1 run(s), 1 hit(s), 0 error(s), 1 left on base; Myrtle Beach 3 - Atlantic City 4
BOTTOM OF THE 5TH
Atlantic City Sonics batting - Pitching for Myrtle Beach Mermen : LHP Russ Wood
Batting: RHB Jason Duncan 0-0: Called Strike
0-1: Ball
1-1: Ball
2-1: Called Strike
2-2: Strikes out swinging
Batting: RHB Jesús Rodríguez 0-0: Called Strike
0-1: Swinging Strike
0-2: Ball
1-2: SINGLE (Line Drive, 78S)
Batting: RHB Toby Hopper 0-0: DOUBLE (Line Drive, 5)
Jesús Rodríguez to third
Runner from 3rd tries for Home, SAFE, no throw or cutoff
Pitching: RHP Waylon Anderson
Batting: RHB Michael Bucknell 0-0: Ball
Wild Pitch!
Toby Hopper to third
1-0: Ball
2-0: Foul Ball, location: 2F
2-1: Swinging Strike
2-2: Ball
Balk!
Toby Hopper scores
3-2: Strikes out looking
Batting: RHB Marty Hayden 0-0: Called Strike
0-1: Called Strike
0-2: Foul Ball, location: 2F
0-2: Ball
1-2: Ball
2-2: Foul Ball, location: 2F
2-2: Foul Ball, location: 2F
2-2: Foul Ball, location: 2F
2-2: Ball
3-2: Strikes out swinging
Bottom of the 5th over - 2 run(s), 2 hit(s), 0 error(s), 0 left on base; Myrtle Beach 3 - Atlantic City 6
TOP OF THE 6TH
Myrtle Beach Mermen batting - Pitching for Atlantic City Sonics : RHP Jorge Sánchez
Batting: RHB Pat Lindsey 0-0: Fly out, F3 (Popup, 3F)
Batting: SHB Avery Little 0-0: Foul Ball, location: 2F
0-1: Ball
1-1: Foul Ball, location: 2F
1-2: Foul Ball, location: 2F
1-2: Fly out, F9 (Line Drive, 9M)
Batting: RHB Ángelo Saldańa 0-0: Called Strike
0-1: Called Strike
0-2: Ball
1-2: Foul Ball, location: 2F
1-2: Foul Ball, location: 2F
1-2: Foul Ball, location: 2F
1-2: Ball
2-2: Fly out, F8 (Flyball, 8RM)
Top of the 6th over - 0 run(s), 0 hit(s), 0 error(s), 0 left on base; Myrtle Beach 3 - Atlantic City 6
BOTTOM OF THE 6TH
Atlantic City Sonics batting - Pitching for Myrtle Beach Mermen : RHP Waylon Anderson
Batting: RHB Tim Giap 0-0: Ball
1-0: SINGLE (Line Drive, 89S)
Batting: LHB Dale Parkinson 0-0: Called Strike
Tim Giap is caught stealing 2nd base
0-1: Ball
1-1: Foul Ball, location: 2F
1-2: Ground out 3-1 (Groundball, 34)
Batting: LHB Francisco Ortega 0-0: DOUBLE (Flyball, 78D)
Batting: RHB Russell Jackson 0-0: Ball
1-0: Ball
2-0: Fly out, F9 (Flyball, 9LM)
Bottom of the 6th over - 0 run(s), 2 hit(s), 0 error(s), 1 left on base; Myrtle Beach 3 - Atlantic City 6
TOP OF THE 7TH
Myrtle Beach Mermen batting - Pitching for Atlantic City Sonics : RHP Jorge Sánchez
Batting: RHB José Caballero 0-0: Ball
1-0: DOUBLE (Flyball, 78M)
Batting: RHB Sal Haynes 0-0: Ball
1-0: Foul Ball, location: 2F
1-1: Swinging Strike
1-2: Ball
2-2: Strikes out swinging
Batting: RHB Kevin Tyler 0-0: Ball
1-0: Ball
2-0: Ball
3-0: Base on Balls
Batting: LHB Chris Hill 0-0: Called Strike
0-1: Ball
1-1: Ball
2-1: SINGLE (Groundball, 56D) (infield hit)
José Caballero to third
Kevin Tyler to second
Pitching: RHP José Carlos Hernández
Batting: RHB Max White 0-0: Ball
1-0: Ball
2-0: Ball
3-0: Called Strike
3-1: Base on Balls
José Caballero scores
Kevin Tyler to third
Chris Hill to second
Pinch Hitting: RHB Earnest Veeck 0-0: Grounds into double play, 6-4-3 (Groundball, 6)
Top of the 7th over - 1 run(s), 2 hit(s), 0 error(s), 2 left on base; Myrtle Beach 4 - Atlantic City 6
BOTTOM OF THE 7TH
Atlantic City Sonics batting - Pitching for Myrtle Beach Mermen : RHP Waylon Anderson
Now at 3B: Steven Johnstone
Batting: RHB Jason Duncan 0-0: Ball
1-0: Ground out 3-1 (Groundball, 34)
Pitching: LHP Dusty Muhidini
Batting: RHB Jesús Rodríguez 0-0: Swinging Strike
0-1: Foul Ball, location: 2F
0-2: Ball
1-2: Foul Ball, location: 2F
1-2: Strikes out swinging
Batting: RHB Toby Hopper 0-0: Called Strike
0-1: Swinging Strike
0-2: Ball
1-2: Ball
2-2: SINGLE (Groundball, 6MD)
Batting: RHB Michael Bucknell 0-0: Foul Ball, location: 2F
0-1: Ball
1-1: Foul Ball, location: 2F
1-2: Strikes out looking
Bottom of the 7th over - 0 run(s), 1 hit(s), 0 error(s), 1 left on base; Myrtle Beach 4 - Atlantic City 6
TOP OF THE 8TH
Myrtle Beach Mermen batting - Pitching for Atlantic City Sonics : RHP José Carlos Hernández
Batting: RHB Pat Lindsey 0-0: Ball
1-0: Called Strike
1-1: Fly out, F9 (Flyball, 9LS)
Batting: SHB Avery Little 0-0: Called Strike
0-1: Ground out U3 (Groundball, 3S)
Batting: RHB Ángelo Saldańa 0-0: Ball
1-0: Foul Ball, location: 2F
1-1: Fly out, F4 (Popup, 4MD)
Top of the 8th over - 0 run(s), 0 hit(s), 0 error(s), 0 left on base; Myrtle Beach 4 - Atlantic City 6
BOTTOM OF THE 8TH
Atlantic City Sonics batting - Pitching for Myrtle Beach Mermen : LHP Dusty Muhidini
Batting: RHB Marty Hayden 0-0: SINGLE (Flyball, 9LM)
Batting: RHB Tim Giap 0-0: Ball
1-0: Called Strike
1-1: Ball
2-1: Bunted foul
2-2: Strikes out swinging
Batting: LHB Dale Parkinson 0-0: Swinging Strike
0-1: Foul Ball, location: 2F
0-2: Foul Ball, location: 2F
0-2: Ball
1-2: SINGLE (Flyball, 5L)
Marty Hayden to second
Pinch Hitting: RHB Paul Arthur 0-0: Ball
1-0: Fly out, F3 (Line Drive, 34)
Batting: RHB Russell Jackson 0-0: Ball
1-0: Ball
2-0: Foul Ball, location: 2F
2-1: Ball
3-1: Swinging Strike
3-2: Strikes out swinging
Bottom of the 8th over - 0 run(s), 2 hit(s), 0 error(s), 2 left on base; Myrtle Beach 4 - Atlantic City 6
TOP OF THE 9TH
Myrtle Beach Mermen batting - Pitching for Atlantic City Sonics : RHP José Carlos Hernández
Pitching: LHP Stephen Kramer
Now in RF: Paul Arthur
Batting: RHB José Caballero 0-0: Ball
1-0: SINGLE (Line Drive, 89M)
Pinch Hitting: RHB Glenn Salazar 0-0: Fly out, F8 (Flyball, 8LS)
Batting: RHB Kevin Tyler 0-0: Ball
1-0: Ball
2-0: Swinging Strike
2-1: Foul Ball, location: 2F
2-2: Ball
3-2: Foul Ball, location: 2F
3-2: Foul Ball, location: 2F
3-2: Base on Balls
José Caballero to second
Batting: LHB Chris Hill 0-0: Called Strike
0-1: Ball
1-1: Called Strike
1-2: Ball
2-2: Ball
3-2: Strikes out swinging
Batting: RHB Max White 0-0: Ball
1-0: Ball
2-0: Called Strike
2-1: Fly out, F5 (Popup, 5SF)
Top of the 9th over - 0 run(s), 1 hit(s), 0 error(s), 2 left on base; Myrtle Beach 4 - Atlantic City 6
This league is powered by Out of the Park Baseball, the baseball management simulation game for PC, Mac and Linux
Saturday, February 27th, 2021 - OOTP Baseball 15.6 Build 34